 Dungeon Crawl Stone Soup version 0.30-b1-2-g02819fbbbe (webtiles) character file.

Game seed: 9344363413487597311

291 redmage the Chiller (level 6, 0/67 HPs)
             Began as a Meteoran Ice Elementalist on Aug 1, 2023.
             Was a Follower of Sif Muna.
             Slain by Grinder (6 damage)
             ... in a sewer.
             The game lasted 00:14:24 (797 turns).

redmage the Chiller (Meteoran Ice Elementalist)      Turns: 797, Time: 00:14:25

Health: 0/67       AC: 23    Str:  9      XL:     6   Next: 90%
Magic:  2/13       EV:  2    Int: 18      God:    Sif Muna [*.....]
Gold:   56         SH:  0    Dex: 13 (16) Spells: 2/13 levels left

rFire   . . .        k - +0 short sword
rCold   . . .        (no shield)
rNeg    . . .        a - melded +0 robe
rPois   +            (helmet currently unavailable)
rElec   .            h - melded +0 cloak
rCorr   .            (gloves currently unavailable)
SInv    .            f - melded +0 pair of boots
Will    .....        (no amulet)
Stlth   +            (no ring)
HPRegen 0.31/turn    (no ring)
MPRegen 0.13/turn

%: no passive effects
@: tree-form, glowing
A: stationary, stasis, torment immunity, boosted hp, sense surroundings 1,
otherworldly, glowing, explore regen
a: Renounce Religion, Channel Magic


You were in a sewer.
You worshipped Sif Muna.
Sif Muna was aware of your devotion.
You were a tree.
You visited 1 branch of the dungeon, and saw 4 of its levels.
You also visited: Sewer.

You collected 56 gold pieces.

Inventory:

Hand Weapons
 k - a +0 short sword (weapon)
Missiles
 j - 6 poisoned darts
Armour
 a - a +0 robe (melded)
 f - a +0 pair of boots (melded)
 h - a +0 cloak (melded)
Scrolls
 c - a scroll of noise {unknown}
 e - a scroll of enchant weapon


   Skills:
 - Level 0.1 Fighting
 - Level 2.4 Dodging
 - Level 1.4 Stealth
 - Level 4.0 Spellcasting
 * Level 3.1 Summonings
 + Level 6.9 Ice Magic


You had 2 spell levels left.
You knew the following spells:

 Your Spells              Type           Power      Damage    Failure   Level
a - Freeze                Ice            100%       1d10      1%          1
b - Frozen Ramparts       Ice            56%        1d9       2%          3
c - Ozocubu's Armour      Ice            28%        N/A       2%          3
d - Summon Ice Beast      Ice/Summ       21%        N/A       19%         4

Your spell library contained the following spells:

 Spells                   Type           Power      Damage    Failure   Level
 Blink                    Tloc           6%         N/A       22%         2
 Lesser Beckoning         Tloc           6%         N/A       22%         2
 Momentum Strike          Conj/Tloc      6%         3d8       22%         2


Dungeon Overview and Level Annotations

Branches:
Dungeon (4/15) Zot: 1845    Sewer (1/1) Zot: 350
 Temple: D:4-7

Altars:
Hepliaklqana
Sif Muna

Annotations:
Sewer Grinder


Innate Abilities, Weirdness & Mutations

You are a tree.
Your roots penetrate the ground, keeping you stationary.
You cannot be teleported.
You are immune to unholy pain and torment.
Your maximum health is greatly increased.
Your equipment is partially melded.
You passively map a small area around you.
You are easily found by Zot.
You glow in the dark.
You regain HP and MP as you explore.


Message History

Grinder blinks!
Grinder hits you!
You writhe in agony.
Grinder hits you.
You writhe in agony.
* * * LOW HITPOINT WARNING * * *
Grinder hits you.
* * * LOW HITPOINT WARNING * * *
It was a potion of lignification.
You turn into a tree.
Your +0 cloak melds into your body.
Your +0 pair of boots melds into your body.
Your +0 robe melds into your body.
Your roots penetrate the ground.
Grinder hits you but does no damage.
You cannot move.
Casting: Frozen Ramparts (dangerous; 2% risk of failure)
Confirm with . or Enter, or press ? or * to list all spells.
A chill wind blows around you. Grinder hits you but does no damage.
Grinder is nearby!
You hit Grinder but do no damage. Grinder hits you but does no damage.
Unknown command.
You closely miss Grinder. Grinder hits you but does no damage.
Unknown command.
You closely miss Grinder. Grinder hits you but does no damage.
You barely miss Grinder. Grinder hits you!
* * * LOW HITPOINT WARNING * * *
You closely miss Grinder. Grinder hits you but does no damage.
Your ice beast hits Grinder but does no damage.
Unknown command.
You hit Grinder but do no damage.
Grinder blinks!
Unknown command.
You aren't carrying any items that you can evoke.
As you read the scroll labelled GOUKKO HOJOSM, it crumbles to dust.
It is a scroll of identify.
e - a scroll of enchant weapon Grinder says, "DUCK!"
As you read the scroll labelled LAKIYRO VAIX, it crumbles to dust.
You cannot blink because you are held in place by your roots.
It was a scroll of blinking.
As you read the scroll labelled FOCSUH QEJI, it crumbles to dust.
You feel aware of your surroundings.
You sensed 2 shops/portals.
It was a scroll of magic mapping.
Grinder hits you.
You die...

~~~~~,'.~≈##~...≈#
≈≈≈≈..#.~≈##≈...≈#
≈≈≈≈~.#..≈##≈...≈#
≈≈~~≈.#.≈≈##~...≈#
≈≈≈...#..≈###'''##
≈≈....#.≈≈##.....#########
###.####.###..§...#≈≈≈≈~≈#*
....≈≈#..)#....5§Y'......!***
...≈≈≈~..)')§._.♣.'......(,∩*
....≈)#...#.....§.'......!***
#~#.####.###..§...#≈≈≈≈~≈#*
~≈~...#.≈≈##.....#########
≈~≈~..#.~≈###+++##
≈≈~≈~.#.~≈#*~,,,~*
≈≈≈≈~.#.~~#*~,,,~*
≈≈≈≈~.#)~≈#*~,,,~*
≈≈≈≈~.'..≈#*~,,,~*


You could see Grinder (ally target) and a friendly ice beast (summoned).

Vanquished Creatures
  2 quasits (Sewer)
  An orc priest (D:2)
  An orc wizard (D:2)
  An adder (D:3)
  4 gnolls (D:2)
  3 shadow imps (Sewer)
  4 ufetubi (Sewer)
  2 worms (D:2)
  An orc (D:2)
  4 endoplasms
  7 giant cockroaches
  2 goblins
  2 hobgoblins
  4 jackals (D:2)
  3 quokkas
  2 ball pythons
  3 bats
  4 frilled lizards
  11 kobolds
  4 rats
65 creatures vanquished.

Vanquished Creatures (collateral kills)
  A shadow imp (Sewer)
  An adder zombie (Sewer)
  A giant cockroach (Sewer)
  2 kobolds (Sewer)
  2 kobold zombies (Sewer)
7 creatures vanquished.

Vanquished Creatures (others)
  2 kobold zombies (Sewer)
2 creatures vanquished.

Grand Total: 74 creatures vanquished

Notes
Turn   | Place    | Note
-------+----------+-------------------------------------------
     0 | D:1      | redmage the Meteoran Ice Elementalist began the quest for
                  | the Orb.
     0 | D:1      | Reached XP level 1. HP: 14/14 MP: 5/5
    39 | D:1      | Reached XP level 2. HP: 20/20 MP: 0/6
    85 | D:2      | Reached skill level 5 in Ice Magic
   103 | D:2      | Found a shimmering blue altar of Sif Muna.
   103 | D:2      | You fall into a shaft and drop 2 floors!
   137 | D:4      | Noticed an ogre
   181 | D:3      | Reached XP level 3. HP: 26/26 MP: 5/8
   192 | D:3      | Found a hazy altar of Hepliaklqana.
   229 | D:3      | Learned a level 3 spell: Frozen Ramparts
   233 | D:3      | Learned a level 3 spell: Ozocubu's Armour
   303 | D:2      | HP: 1/26 [orc priest/divine providence (13)]
   307 | D:2      | Reached XP level 4. HP: 17/33 MP: 0/10
   310 | D:2      | Reached skill level 6 in Ice Magic
   310 | D:2      | Reached XP level 5. HP: 20/38 MP: 1/11
   496 | D:2      | Became a worshipper of Sif Muna the Loreminder
   533 | D:3      | Found a glowing drain.
   551 | Sewer    | Entered a sewer
   574 | Sewer    | Learned a level 4 spell: Summon Ice Beast
   593 | Sewer    | Reached XP level 6. HP: 25/45 MP: 5/12
   662 | Sewer    | Reached skill level 1 in Summonings
   686 | Sewer    | Reached * piety under Sif Muna
   695 | Sewer    | Found a burning altar of Makhleb.
   764 | Sewer    | Noticed Grinder
   797 | Sewer    | Slain by Grinder

Illustrated notes

Levels and vault maps discovered:
D:1:      dpeg_arrival_rooms_a, layout_basic, hangedman_feature_mirror,
          minmay_door_square
D:2:      layout_basic, serial_rivers, chequers_serial_rivers_room_b,
          chequers_serial_rivers_marsh, chequers_serial_rivers_marsh,
          chequers_serial_rivers_micro_d, chequers_serial_rivers_micro_d,
          basic_altar, minmay_puff
D:3:      layout_rooms, amcnicky_altar_gilded, jmf_multi_god_temple2,
          portal_sewer_entry_f
D:4:      nicolae_cairo_tiling_large_dashed, layout_basic, minmay_fountain_box
Sewer:    kennysheep_sewer_church

Skill      XL: |  1  2  3  4  5  6 |
---------------+-------------------+-----
Ice Magic      | 5 6 |  6.9
Spellcasting   | 3 4 |  4.0
Summonings     | 3 |  3.1
Fighting       | |  0.1
Dodging        | |  2.4
Stealth        | |  1.4

Action                     |  1- 3 |  4- 6 || total
---------------------------+-------+-------++-------
  Melee: Unarmed           |     1 |    20 ||    21
         Short sword       |       |    39 ||    39
   Cast: Freeze            |    26 |    23 ||    49
         Frozen Ramparts   |     1 |    14 ||    15
         Ozocubu's Armour  |     1 |     4 ||     5
         Summon Ice Beast  |       |     5 ||     5
    Use: Potion            |     1 |     2 ||     3
         Scroll            |       |     3 ||     3
 Armour: Robe              |     9 |    78 ||    87
         Skin              |       |     6 ||     6
  Dodge: Dodged            |    17 |   103 ||   120
